 Dungeon Crawl Stone Soup version 0.19-a0-687-g35db334 (webtiles) character file.

29490 inmateoo the Severer (level 13, 0/119 HPs)
             Began as a Minotaur Fighter on June 19, 2016.
             Was an Elder of Hepliaklqana.
             Slain by tstbtto's ghost (10 damage)
             ... on level 13 of the Dungeon.
             The game lasted 00:23:53 (11677 turns).

inmateoo the Severer (Minotaur Fighter)            Turns: 11677, Time: 00:23:53

Health: 0/119      AC: 21    Str: 24    XL:     13   Next: 15%
Magic:  12/12      EV: 11    Int:  5    God:    Hepliaklqana [****..]
Gold:   654        SH: 12    Dex:  8    Spells: 2 memorised, 6 levels left

rFire  + . .     SeeInvis .     a - +1 war axe
rCold  + + +     Gourm    .     R - +3 chain mail
rNeg   . . .     Faith    .     c - +0 shield
rPois  +         Spirit   .     (helmet restricted)
rElec  .         Dismiss  .     g - +0 cloak {rC+}
rCorr  .         Reflect  .     (no gloves)
SustAt .         Harm     .     w - +2 pair of boots {rC+}
MR     .....                    (no amulet)
Stlth  ..........               p - ring of protection from cold
                                t - ring of poison resistance

@: not resistant to hostile enchantments, extremely unstealthy
A: retaliatory headbutt, horns 2, talons 1, rugged brown scales 1, clumsy 2,
fire resistance 1, wild magic 1
a: Recall Ancestor, Ancestor Identity, Transference, Idealise, Renounce Religion


You were on level 13 of the Dungeon.
You worshipped Hepliaklqana.
Hepliaklqana was greatly pleased with you.
You were hungry.

You visited 2 branches of the dungeon, and saw 14 of its levels.
You also visited: Ice Cave.

You collected 954 gold pieces.
You spent 300 gold pieces at shops.

Inventory:

Hand Weapons
 a - a +1 war axe (weapon)
 T - a +1 demon whip of draining
Armour
 c - a +0 shield (worn)
 g - a +0 cloak of cold resistance (worn)
 w - a +2 pair of boots of cold resistance (worn)
 Q - a troll hide
 R - a +3 chain mail (worn)
Rods
 y - a +0 lightning rod (9/9)
   (You found it on level 10 of the Dungeon)
Jewellery
 i - an uncursed ring of flight
 o - an uncursed ring of sustain attributes
 p - a ring of protection from cold (right hand)
 t - a ring of poison resistance (left hand)
 v - a +3 ring of dexterity
 A - an uncursed ring of protection from magic
 I - an uncursed ring of fire
Wands
 s - a wand of lightning (7/15)
 u - a wand of flame (28/48)
 B - a wand of acid (6/15)
 F - a wand of hasting (6/9)
 J - a wand of lightning (3/15)
Scrolls
 b - 2 scrolls of enchant weapon
 e - 3 scrolls of teleportation
 l - 8 scrolls of remove curse
 r - 2 scrolls of blinking
 O - 2 scrolls of amnesia
 S - a scroll of enchant armour
 U - a scroll of identify
Potions
 d - a potion of might
 h - 2 potions of agility
 k - a potion of berserk rage
 m - 6 potions of curing
 n - a potion of invisibility
 q - a potion of flight
 C - a potion of lignification
 D - a potion of ambrosia
 E - a potion of haste {unknown}
 G - a potion of magic {unknown}
 L - a potion of cure mutation {unknown}
 N - 2 potions of heal wounds
 V - a potion of cancellation {unknown}
Comestibles
 f - 7 bread rations
 z - 7 meat rations
 H - 8 royal jellies
 M - a slice of pizza


   Skills:
 + Level 11.2 Fighting
 * Level 15.2 Axes
 + Level 11.7 Armour
 + Level 10.2 Dodging
 + Level 11.4 Shields


You had 6 spell levels left.
You knew the following spells:

 Your Spells              Type           Power        Failure   Level  Hunger
a - Repel Missiles        Chrm/Air       #.....       100%        2    ###....
b - Passage of Golubria   Tloc           N/A          100%        4    #####..


Dungeon Overview and Level Annotations

Branches:
Dungeon (13/15)            Temple (1/1) D:5            Lair (0/6) D:11
    Orc (0/2) D:10         Vaults (0/5) D:13

Altars:
Ashenzari
Cheibriados
Dithmenos
Elyvilon
Fedhas
Gozag
Hepliaklqana
Kikubaaqudgha
Makhleb
Nemelex Xobeh
Okawaru
Pakellas
Qazlal
Ru
Sif Muna
Trog
Uskayaw
Vehumet
Xom
Yredelemnul
Zin
The Shining One
Lugonu

Shops:
D:6 }   D:7 (   D:11 (

Annotations:
D:13 tstbtto's ghost, journeyman CeBe


Innate Abilities, Weirdness & Mutations

You reflexively headbutt those who attack you in melee.
You have a pair of horns on your head.
You have sharp toenails.
You are partially covered in rugged brown scales. (AC +1, +3% HP)
You are very clumsy. (Dex -4)
Your flesh is heat resistant. (rF+)
Your spells are a little harder to cast, but a little more powerful.


Message History

The human hits you but does no damage.
You hit the human.
The human is almost dead.
You hit the human.
You kill the human!
Press: ? - help, v - describe, . - travel
Here: tstbtto's ghost, wielding a weapon of electrocution The floor, spattered with blood.
Items here: (( )))))) [[ ††††††† You see here 2 arrows.
Tstbtto's ghost screams in joy, "As in life, so in death: Kill!
Kill!!
Kill!!!"
Tstbtto's ghost hits you!!
* * * LOW HITPOINT WARNING * * *
You see here a bolt.
Things that are here:
an enchanted glaive; a plate armour Tstbtto's ghost hits you!!
* * * LOW HITPOINT WARNING * * *
You are electrocuted!
You die...

####.....#
#....##### ######
###)####### .....#
#.).#.....#
.....#####†#.#####.#
.....#...))#.......#
....)p.###p#######.#
.....### #.(.#<..#.#
..)..# #.#.###@#.#
.....# #.#.(.W.#.#
...pp# ######+####
...pc# ..p(##
###o(## ..p...#
......RZ.#
.......p.....


You could see tstbtto's ghost.

Vanquished Creatures
  A centaur warrior (D:13)
  3 hill giants
  Pikel (D:7)
  4 lindwurms (D:10)
  An orc knight (D:13)
  4 ugly things (D:11)
  2 ice statues (IceCv)
  A centaur skeleton (D:12)
  7 ice devils
  A queen bee (D:10)
  3 trolls
  4 slime creatures (D:12)
  2 wraiths (D:11)
  A vampire (D:12)
  11 yaks
  2 hippogriffs
  9 humans (D:13)
  2 mottled dragons (D:11)
  An orc warrior (D:11)
  A black bear (D:6)
  2 ice beasts
  A slave (D:7)
  A necrophage (D:8)
  4 sky beasts
  A phantom (D:7)
  An eye of draining (D:11)
  12 centaurs
  A crocodile (D:11)
  6 big kobolds
  A giant frog (D:9)
  A gnoll shaman (D:7)
  A wyvern zombie (D:12)
  2 scorpions
  16 killer bees
  17 wights
  5 howler monkeys
  3 crimson imps (D:5)
  A giant frog zombie (D:7)
  4 hounds
  2 jellies
  3 giant frog skeletons
  13 orc priests
  18 orc wizards
  Ijyb (D:3)
  2 iguanas
  5 worker ants
  A worker ant zombie (D:11)
  Robin (D:3)
  17 adders
  8 gnolls
  A howler monkey skeleton (D:4)
  3 shadow imps
  2 white imps (IceCv)
  6 ufetubi (IceCv)
  An ooze (D:4)
  2 adder skeletons
  3 worms
  4 giant geckos
  30 orcs
  7 bats
  A giant cockroach (D:2)
  2 gnoll zombies (D:6)
  14 goblins
  11 hobgoblins
  2 jackals (D:2)
  15 kobolds
  2 quokkas
  2 ball pythons
  4 giant newts
  A jackal skeleton (D:8)
  A quokka skeleton (D:9)
  6 rats
  A fungus (D:11)
333 creatures vanquished.

Vanquished Creatures (collateral kills)
  Maud (D:13)
  4 unseen horrors
  A hill giant (D:13)
  A cyclops (D:11)
  A gargoyle (D:11)
  A troll (D:11)
  2 ice devils (IceCv)
  2 slime creatures (D:12)
  A vampire (D:12)
  4 humans (D:13)
  6 yaks (D:11)
  A mottled dragon (D:11)
  2 hell hounds (D:11)
  2 orc warriors
  An ice beast (D:8)
  A sky beast (D:9)
  2 ogres (D:11)
  A phantom (D:12)
  3 centaurs
  2 big kobolds
  A giant frog (D:13)
  A scorpion (D:11)
  A killer bee (D:11)
  3 wights
  3 howler monkeys
  A crimson imp (D:10)
  A centaur zombie (D:11)
  An orc priest (D:13)
  An orc wizard (D:13)
  2 hounds
  An iguana (D:11)
  A worker ant (D:7)
  A gnoll (D:7)
  An adder (D:9)
  A white imp (IceCv)
  An ufetubus (IceCv)
  6 orcs
  A kobold (D:10)
  A fungus (D:11)
68 creatures vanquished.

Vanquished Creatures (others)
  2 slaves (D:7)
  A hound (D:7)
  A giant frog skeleton (D:7)
  An orc wizard (D:7)
  7 battlemagi
  An ancestor (D:7)
  A hound zombie (D:7)
  A gnoll (D:7)
  4 white imps (IceCv)
  3 ufetubi (IceCv)
22 creatures vanquished.

Grand Total: 423 creatures vanquished

Notes
Turn   | Place    | Note
--------------------------------------------------------------
     0 | D:1      | inmateoo the Minotaur Fighter began the quest for the Orb.
     0 | D:1      | Reached XP level 1. HP: 19/19 MP: 0/0
   279 | D:1      | Reached XP level 2. HP: 25/27 MP: 1/1
   748 | D:2      | Reached skill level 3 in Axes
   748 | D:2      | Reached XP level 3. HP: 12/33 MP: 2/2
   810 | D:2      | Found a snail-covered altar of Cheibriados.
   910 | D:2      | Found a faded altar of an unknown god.
  1034 | D:2      | Reached skill level 1 in Dodging
  1036 | D:2      | Found an ancient bone altar of Kikubaaqudgha.
  1195 | D:2      | You fall through a shaft for 2 floors!
  1200 | D:4      | Reached XP level 4. HP: 35/41 MP: 3/3
  1220 | D:4      | Found a sparkling altar of Nemelex Xobeh.
  1341 | D:3      | Noticed Ijyb
  1348 | D:3      | Killed Ijyb
  1350 | D:3      | Reached XP level 5. HP: 43/47 MP: 4/4
  1656 | D:3      | Noticed Robin
  1666 | D:3      | Killed Robin
  2072 | D:3      | Reached skill level 5 in Shields
  2153 | D:3      | Noticed a sky beast
  2160 | D:3      | Killed a sky beast
  2160 | D:3      | Reached skill level 4 in Axes
  2160 | D:3      | Reached XP level 6. HP: 47/53 MP: 5/5
  2166 | D:3      | Gained mutation: You are clumsy. (Dex -2) [mutagenic meat]
  2167 | D:3      | Gained mutation: Your spells are a little harder to cast, but a little more powerful. [mutagenic meat]
  2168 | D:3      | Gained mutation: Your flesh is heat resistant. (rF+) [mutagenic meat]
  2169 | D:3      | Gained mutation: You are partially covered in rugged brown scales. (AC +1, +3% HP) [mutagenic meat]
  2346 | D:4      | Found a shimmering altar of Xom.
  2369 | D:4      | Reached skill level 5 in Fighting
  2760 | D:4      | Reached skill level 5 in Armour
  2822 | D:4      | Reached skill level 5 in Axes
  2851 | D:4      | Reached XP level 7. HP: 62/62 MP: 6/6
  3024 | D:5      | Entered Level 5 of the Dungeon
  3186 | D:5      | Reached skill level 6 in Axes
  3288 | D:5      | Reached XP level 8. HP: 41/71 MP: 7/7
  3553 | D:5      | Found a shattered altar of Ashenzari.
  3764 | D:5      | Reached skill level 7 in Axes
  3879 | D:5      | Found a staircase to the Ecumenical Temple.
  3891 | Temple   | Entered the Ecumenical Temple
  3917 | Temple   | Became a worshipper of Hepliaklqana
  4182 | D:6      | Found a glowing golden altar of the Shining One.
  4267 | D:6      | Found a basalt altar of Yredelemnul.
  4350 | D:6      | Reached skill level 5 in Dodging
  4361 | D:6      | Found Xicuoheo's Gadget Boutique.
  4374 | D:6      | Bought a wand of hasting (1/9) for 300 gold pieces
  4411 | D:6      | Noticed a dagger
  4412 | D:6      | Noticed a dagger
  4412 | D:6      | Found a hide-covered altar of Uskayaw.
  4624 | D:6      | Found a blossoming altar of Fedhas.
  4739 | D:7      | Noticed Pikel
  4748 | D:7      | Killed Pikel
  4748 | D:7      | Reached skill level 8 in Axes
  4748 | D:7      | Reached XP level 9. HP: 65/80 MP: 8/8
  4875 | D:7      | Reached * piety under Hepliaklqana
  5022 | D:7      | Reached skill level 9 in Axes
  5255 | D:7      | Found Daori's Weapon Boutique.
  5630 | D:8      | Reached skill level 10 in Axes
  5644 | D:8      | Found a deep blue altar of Sif Muna.
  5709 | D:8      | Found an oddly glowing altar of Pakellas.
  5915 | D:8      | Noticed a hill giant
  5924 | D:8      | Killed a hill giant
  5924 | D:8      | Reached XP level 10. HP: 36/90 MP: 9/9
  6127 | D:8      | Reached ** piety under Hepliaklqana
  6128 | D:8      | Remembered your ancestor Mage as a battlemage
  6345 | D:9      | Found an iron altar of Okawaru.
  6444 | D:9      | Found a glowing silver altar of Zin.
  6485 | D:9      | Found a white marble altar of Elyvilon.
  6579 | D:10     | Entered Level 10 of the Dungeon
  6651 | D:10     | Found a staircase to the Orcish Mines.
  6791 | D:10     | Reached skill level 11 in Axes
  7138 | D:10     | Reached *** piety under Hepliaklqana
  7276 | D:10     | Noticed a lindwurm
  7279 | D:10     | Noticed a lindwurm
  7281 | D:10     | Noticed a lindwurm
  7286 | D:10     | Noticed a lindwurm
  7465 | D:10     | Killed a lindwurm
  7492 | D:10     | Killed a lindwurm
  7492 | D:10     | Reached skill level 12 in Axes
  7492 | D:10     | Reached XP level 11. HP: 18/97 MP: 10/10
  7497 | D:10     | Killed a lindwurm
  7497 | D:10     | HP: 2/99 [lindwurm (6)]
  7502 | D:10     | Killed a lindwurm
  7992 | D:11     | Killed an unseen horror
  7992 | D:11     | Reached skill level 10 in Armour
  8042 | D:11     | Found Feesec's Antique Weapon Emporium.
  8198 | D:11     | Found a staircase to the Lair.
  8263 | D:11     | Noticed a red ugly thing
  8274 | D:11     | Killed a red ugly thing
  8281 | D:11     | Gained mutation: You are frail. (-10% HP) [mutagenic meat]
  8294 | D:11     | Killed an unseen horror
  8294 | D:11     | Reached skill level 13 in Axes
  8337 | D:11     | Killed an unseen horror
  8370 | D:11     | Reached skill level 10 in Shields
  8392 | D:11     | Noticed a purple ugly thing
  8399 | D:11     | Killed a purple ugly thing
  8584 | D:11     | Reached skill level 10 in Fighting
  8730 | D:11     | Reached XP level 12. HP: 94/98 MP: 11/11
  8785 | D:11     | Gained mutation: You are very clumsy. (Dex -4) [mutagenic meat]
  8786 | D:11     | Gained mutation: You have sharp toenails. [mutagenic meat]
  8788 | D:11     | Lost mutation: You are frail. (-10% HP) [potion of mutation]
  9494 | D:12     | Reached **** piety under Hepliaklqana
  9593 | D:12     | Reached skill level 14 in Axes
  9911 | D:12     | Found a frozen archway.
  9944 | IceCv    | Entered an ice cave
 11130 | D:13     | Noticed Maud
 11145 | D:13     | Killed Maud
 11451 | D:13     | Learned a level 2 spell: Repel Missiles
 11456 | D:13     | Learned a level 4 spell: Passage of Golubria
 11532 | D:13     | Noticed a centaur warrior
 11532 | D:13     | Found a gate to the Vaults.
 11560 | D:13     | Reached skill level 10 in Dodging
 11560 | D:13     | Reached XP level 13. HP: 119/119 MP: 12/12
 11602 | D:13     | Reached skill level 15 in Axes
 11666 | D:13     | Noticed tstbtto's ghost (journeyman CeBe)
 11677 | D:13     | Slain by tstbtto's ghost

Vault maps used:
D:1:      dpeg_arrival_connections
D:2:      nicolae_overflow_crystal_walls, marbit_many_paths, ecumenical_altar_1
D:3:      uniq_iyjb, uniq_robin
D:4:      old_standard_altar, overflow_temple_1_default, first_bread
D:5:      ashenzari_altar_1, minmay_temple_entry_water_ring
D:6:      dancing_weapons_uskayaw, lemuel_round_altar,
          lemuel_zombie_altar_yredelemnul, lemuel_round_altar,
          serial_corexii_hall, corexii_hall_statues_s, corexii_hall_statues_u,
          corexii_hall_statues_i, serial_shops, shop
D:7:      nicolae_whirlpool, serial_shops, shop, uniq_pikel
D:8:      led_sif_pool, grunt_pakellas_salt
D:9:      kennysheep_mini_moat, okawaru_gym_becter, lemuel_round_altar
D:10:     orc_0_dummy, special_room, david_nohive_1, minmay_misc_feat_roman,
          wad_floor_pattern_2, minmay_lindwurm_lava
D:11:     minmay_quarter_circles, minmay_lair_entry_lava, serial_shops, shop,
          minmay_gold_behind_fungi
D:12:     portal_ice_cave_demonic_guard, minmay_misc_feat_x
D:13:     david_vaults_3, uniq_azrael, uniq_maud, uniq_rupert
Temple:   corrupted_temple
IceCv:    ice_cave_small_demon

Skill      XL: |  1  2  3  4  5  6  7  8  9 10 11 12 13 |
---------------+----------------------------------------+-----
Shields        | 4 5 6 7 8 10 11 | 11.4
Axes           | 3 4 5 6 8 10 12 13 14 15 | 15.2
Fighting       | 4 5 6 7 8 10 11 | 11.2
Armour         | 4 5 6 8 9 10 11 | 11.7
Dodging        | 1 2 3 4 5 6 7 8 10 | 10.2

Action                   |  1- 3 |  4- 6 |  7- 9 | 10-12 | 13-15 || total
-------------------------+-------+-------+-------+-------+-------++-------
Melee: War axe           |    80 |   146 |   323 |   678 |    72 ||  1299
       Headbutt          |    14 |    21 |    53 |   134 |    14 ||   236
       Kick              |       |       |       |    54 |       ||    54
Invok: Recall Ancestor   |       |       |     1 |     1 |       ||     2
       Ancestor Life: Ba |       |       |       |     1 |       ||     1
Evoke: Wand              |       |       |       |     6 |       ||     6
  Use: Scroll            |     5 |     3 |     3 |    14 |       ||    25
       Potion            |       |     1 |     1 |    11 |       ||    13
 Stab: Distracted        |       |       |     1 |     8 |       ||     9
  Eat: Chunk             |     1 |    10 |     9 |    17 |       ||    37
       Fruit             |       |       |       |     5 |       ||     5
       Beef jerky        |       |       |       |     2 |       ||     2
Armor: Scale mail        |    37 |    24 |       |       |       ||    61
       Chain mail        |       |    54 |   175 |   220 |    16 ||   465
       Skin              |       |       |       |    49 |       ||    49
Dodge: Dodged            |    23 |    46 |   103 |   209 |    16 ||   397
Block: Shield            |    44 |    87 |   190 |   356 |    28 ||   705
